Map: Deathaura LE

Players

ChinChin

  • Race: Terran Terran
  • League: Master
  • Spawn Location: 11:00

ViBE - Winner!

  • Race: Protoss Protoss
  • League: Bronze
  • Spawn Location: 5:00

VOD

https://www.youtube.com/watch?v=VjhJ7E-kFgw&list=PLFeZeom2b4DnD3FIu7pzkXl51JX_WWz2h&index=2

Description

Time

  • Played on: March 9, 2021, 10:18 p.m.
  • Length: 17:18
Show
View Real Time Build Order
Export as new Build Order

ChinChin Terran 

Build Orders:  

Get SALT Encoding   

  12  0:00  SCV  
  13  0:12  SCV  
  14  0:24  Supply Depot  
  14  0:26  SCV  
  15  0:45  SCV  
  15  0:49  Barracks  
  16  0:52  Refinery  
  16  0:58  SCV  
  17  1:11  SCV  
  18  1:23  SCV  
  19  1:35  SCV  
  20  1:42  Refinery  
  20  1:46  Reaper  
  21  1:52  Command Center  
  21  2:17  Orbital Command  
  21  2:18  Reaper  
  22  2:27  Factory  
  22  2:43  SCV  
  22  3:13  SCV  
  22  3:19  Factory Tech Lab  
  23  3:20  Starport  
  23  3:25  SCV  
  23  3:34  Reaper  
  24  3:41  Siege Tank  
  24  3:45  SCV  
  24  3:47  SCV  
  29  3:57  SCV  
  29  3:59  SCV  
  31  4:05  Starport Tech Lab  
  31  4:09  SCV  
  32  4:12  Refinery, SCV  
  32  4:13  Siege Tank  
  36  4:21  SCV  
  36  4:24  SCV  
  38  4:36  Refinery  
  38  4:43  Supply Depot  
  38  4:55  SCV  
  38  5:07  SCV  
  39  5:18  Fusion Core  
  39  5:19  SCV x2  
  41  5:31  SCV x2  
  43  5:55  SCV  
  37  6:02  SCV  
  38  6:07  SCV  
  38  6:10  Supply Depot  
  39  6:11  Barracks Reactor  
  39  6:13  Battlecruiser  
  39  6:14  SCV, Weapon Refit  
  39  6:17  Starport  
  46  6:23  Siege Tank  
  49  6:28  SCV x2  
  51  6:33  Supply Depot  
  51  6:42  Starport  
  51  6:47  SCV x2  
  51  6:48  Starport  
  51  6:54  Marine x2  
  53  6:56  Barracks, Starport  
  53  6:59  SCV  
  56  7:12  Marine x2, Siege Tank  
  56  7:13  Starport Tech Lab  
  56  7:14  SCV  
  56  7:15  SCV  
  63  7:17  Battlecruiser  
  69  7:24  Armory  
  69  7:29  Marine  
  69  7:30  Starport Tech Lab  
  69  7:33  Starport Tech Lab  
  70  7:45  Starport Tech Lab  
  70  7:53  Supply Depot  
  70  7:54  Supply Depot  
  70  8:05  Armory  
  70  8:14  Marine x2, Siege Tank  
  70  8:15  Supply Depot  
  70  8:17  Supply Depot  
  75  8:31  Battlecruiser  
  75  8:32  Marine  
  82  8:51  Siege Tank  
  85  9:06  Battlecruiser  
  91  9:18  Supply Depot  
  91  9:21  Terran Ship Weapons Level 1  
  91  9:22  Terran Vehicle And Ship Armor Level 1  
  91  9:23  Siege Tank  
  94  9:41  Supply Depot  
  94  9:51  Supply Depot  
  94  9:57  Battlecruiser  
  100  10:13  Supply Depot  
  100  10:22  Battlecruiser  
  57  12:37  Command Center  
  57  12:44  Command Center  
  57  12:47  Command Center  
  25  13:56  Supply Depot  
  25  13:57  Supply Depot  
  25  13:58  Supply Depot x2  
  25  13:59  Supply Depot  
  25  14:09  SCV  
  26  14:12  SCV  
  27  14:21  SCV  
  27  14:22  Supply Depot x2  
  27  14:23  Supply Depot  
  27  14:24  Supply Depot, SCV  
  28  14:25  Supply Depot  
  28  14:26  Fusion Core  
  29  14:33  SCV  
  29  14:36  SCV  
  31  14:46  Barracks  
  31  14:48  SCV  
  32  15:00  SCV  
  33  15:13  SCV  
  34  15:17  Barracks  
  34  15:24  Barracks  
  34  15:25  SCV  
  35  15:30  Refinery  
  35  15:32  Refinery  
  35  15:37  SCV  
  35  15:40  Barracks  
  36  15:49  SCV  
  37  16:02  SCV  
  34  16:04  Barracks  
  27  16:15  SCV  
  26  16:20  Marine  
  22  16:27  SCV  
  15  16:39  SCV  
Show
View Real Time Build Order
Export as new Build Order

ViBE Protoss - Winner!

Build Orders: 1 Gate Expand 

Get SALT Encoding   

  12  0:00  Probe  
  13  0:12  Probe  
  14  0:24  Pylon, Probe  
  15  0:42  Probe  
  16  0:44  Gateway  
  16  0:54  Assimilator, Probe (Chrono Boost)  
  18  1:04  Probe (Chrono Boost)  
  18  1:09  Probe (Chrono Boost)  
  19  1:21  Probe  
  20  1:29  Nexus  
  20  1:33  Probe  
  20  1:39  Cybernetics Core  
  21  1:44  Assimilator  
  21  1:45  Probe  
  22  1:56  Pylon  
  22  2:06  Probe (Chrono Boost)  
  23  2:16  Stalker  
  23  2:19  Probe (Chrono Boost)  
  26  2:25  Pylon  
  26  2:27  Probe (Chrono Boost)  
  27  2:33  Probe  
  27  2:37  Warp Gate  
  28  2:41  Probe  
  28  2:43  Robotics Facility  
  29  2:45  Probe  
  29  2:47  Gateway  
  30  2:53  Probe (Chrono Boost)  
  30  2:57  Probe (Chrono Boost)  
  31  3:04  Probe (Chrono Boost)  
  31  3:06  Probe (Chrono Boost)  
  31  3:09  Probe (Chrono Boost)  
  31  3:11  Probe (Chrono Boost)  
  33  3:17  Stalker  
  33  3:19  Probe (Chrono Boost)  
  38  3:28  Probe (Chrono Boost)  
  38  3:31  Probe (Chrono Boost)  
  38  3:32  Observer  
  40  3:35  Stalker  
  40  3:37  Probe (Chrono Boost)  
  40  3:38  Probe (Chrono Boost)  
  44  3:47  Stalker  
  46  3:53  Nexus  
  46  3:55  Pylon  
  46  3:58  Probe  
  46  3:59  Probe  
  48  4:05  Immortal  
  52  4:16  Probe x2 (Chrono Boost)  
  54  4:17  Pylon  
  54  4:20  Assimilator  
  54  4:23  Assimilator  
  55  4:25  Probe x2 (Chrono Boost)  
  55  4:30  Stalker  
  55  4:31  Stalker  
  60  4:32  Probe  
  60  4:33  Probe  
  60  4:37  Pylon  
  62  4:44  Probe  
  62  4:45  Probe  
  64  4:53  Immortal  
  64  4:58  Probe x2 (Chrono Boost)  
  70  5:05  Probe (Chrono Boost)  
  71  5:10  Stalker x2, Probe (Chrono Boost)  
  78  5:14  Probe (Chrono Boost)  
  78  5:15  Pylon, Probe (Chrono Boost)  
  78  5:16  Probe (Chrono Boost)  
  78  5:20  Probe (Chrono Boost)  
  78  5:21  Probe  
  80  5:23  Probe  
  82  5:32  Probe  
  82  5:33  Probe, Immortal  
  88  5:36  Probe  
  88  5:37  Stalker x2  
  93  5:44  Probe  
  93  5:49  Probe  
  96  5:50  Probe  
  96  5:56  Probe  
  97  5:59  Nexus  
  97  6:00  Pylon  
  97  6:05  Probe x2  
  99  6:14  Assimilator  
  99  6:17  Assimilator  
  99  6:19  Pylon, Probe x2  
  99  6:20  Probe  
  99  6:22  Pylon  
  102  6:27  Stalker x2  
  106  6:34  Pylon, Probe (Chrono Boost)  
  106  6:35  Probe x2 (Chrono Boost)  
  106  6:37  Immortal  
  106  6:38  Pylon  
  113  6:41  Pylon  
  113  6:46  Probe (Chrono Boost)  
  116  6:47  Probe (Chrono Boost)  
  116  6:48  Probe (Chrono Boost)  
  116  6:50  Stalker  
  116  6:51  Stalker  
  120  6:54  Gateway  
  120  6:55  Gateway  
  120  6:56  Gateway  
  120  6:58  Gateway  
  120  7:01  Gateway  
  120  7:08  Forge, Twilight Council  
  120  7:10  Probe  
  120  7:11  Probe x3  
  124  7:16  Stalker  
  124  7:17  Stalker  
  124  7:19  Immortal  
  132  7:23  Probe  
  132  7:24  Probe x3  
  136  7:36  Probe x2  
  138  7:40  Protoss Ground Weapons Level 1 (Chrono Boost)  
  138  7:44  Nexus  
  138  7:45  Pylon  
  138  7:47  Stalker x2  
  138  7:49  Pylon  
  142  7:52  Pylon  
  142  7:53  Stalker x2  
  142  7:54  Stalker  
  142  7:55  Pylon, Stalker x2  
  152  8:11  Probe x3  
  152  8:12  Probe  
  155  8:19  Stalker x3  
  159  8:20  Stalker x3  
  159  8:21  Stalker  
  166  8:27  Probe x2  
  166  8:28  Probe  
  169  8:39  Immortal  
  171  8:44  Robotics Facility  
  171  8:45  Gateway  
  171  8:47  Gateway  
  170  8:49  Stalker  
  170  8:50  Gateway, Stalker x2  
  170  8:51  Stalker x4  
  170  8:55  Assimilator, Gateway  
  184  8:57  Assimilator  
  184  8:59  Gateway  
  184  9:25  Stalker x2  
  184  9:26  Stalker x2  
  184  9:27  Stalker  
  184  9:28  Stalker  
  196  9:39  Pylon  
  196  9:46  Gateway  
  196  9:47  Gateway  
  196  9:50  Gateway  
  194  9:53  Gateway  
  194  9:54  Gateway  
  194  10:02  Gateway  
  194  10:07  Gateway  
  194  10:09  Gateway  
  194  10:15  Gateway  
  194  10:18  Gateway  
  191  10:33  Stalker  
  191  10:34  Stalker x2  
  191  10:35  Stalker  
  191  10:58  Stalker x4  
  191  10:59  Stalker x2  
  191  11:00  Stalker  
  191  11:04  Probe x3  
  198  11:07  Probe x2  
  197  11:17  Probe x2 (Chrono Boost)  
  192  11:22  Probe (Chrono Boost)  
  192  11:24  Probe (Chrono Boost)  
  179  11:26  Probe (Chrono Boost)  
  179  11:29  Probe x2 (Chrono Boost)  
  179  11:32  Probe (Chrono Boost)  
  169  11:33  Probe (Chrono Boost)  
  169  11:34  Probe x3 (Chrono Boost)  
  169  11:37  Probe x2 (Chrono Boost)  
  169  11:38  Probe, Immortal  
  169  11:39  Immortal  
  155  11:40  Stalker  
  155  11:41  Stalker x3  
  155  11:42  Stalker x5, Probe  
  155  11:43  Stalker x2  
  155  11:44  Protoss Ground Weapons Level 2 (Chrono Boost), Stalker x5  
  155  11:45  Stalker x4  
  155  11:46  Stalker x2  
  170  12:17  Stalker x5  
  170  12:18  Stalker x3  
  170  12:19  Stalker x4  
  170  12:20  Stalker x2  
  170  12:21  Nexus, Stalker x2  
  198  12:22  Pylon  
  198  12:23  Stalker  
  198  12:25  Pylon  
  190  12:51  Stalker  
  190  12:52  Stalker x3  
  190  12:53  Stalker  
  200  13:24  Stalker x2  
  200  13:26  Stalker  
  199  13:47  Stargate  
  199  13:48  Stargate  
  199  13:52  Stargate x2  
  199  14:00  Nexus  
  199  14:01  Pylon  
  199  14:03  Protoss Ground Weapons Level 3 (Chrono Boost)  
  199  14:04  Pylon  
  199  14:15  Probe  
  192  15:00  Void Ray x3 (Chrono Boost)  
  192  15:01  Void Ray (Chrono Boost)  
  190  15:27  Void Ray x3 (Chrono Boost)  
Tags
 
Matchup
PvT
Player
ViBE
Replay Pack
Bronze_League
Spawn Locations
Cross Positions
Add a new tag
Caveats
  • Supply blocks, unpowered buildings, or Contaminate may cause inaccurate times.
  • Supply counts are checked every 10 seconds.